Cogmind - Beta 13 @@@ ROGUE MODE // 2024.04.20 @ 22:27:17 Player: YBOUZL Result: Destroyed by G-47 Trooper with Particle Gun Performance ------------- Evolutions (2) 1000 Regions Visited (5) 1000 Robots Destroyed (25) 125 Value Destroyed (732) 732 Prototype IDs (0) 0 Alien Tech Used (0) 0 Bonus (33) 33 TOTAL SCORE: 2890 Bonus ------- Follower Combat Kills 33 Cogmind --------- Core Integrity 0/550 Matter 274/300 Energy 380/380 System Corruption 0% Temperature Cool (9) Movement Core (250) Ox4 Location -8/Materials Parts ------- > --- POWER (2) -------- Nuclear Core Nuclear Core > --- PROPULSION (3) --- (None) > --- UTILITY (3) ------ Signal Interpreter > --- WEAPON (3) ------- (None) > --- INVENTORY (5) ---- Aluminum Leg Flight Unit Flight Unit Peak State ------------ > --- POWER ------------ Improved Ion Engine > --- PROPULSION ------- Aluminum Leg Carbon-fiber Leg Carbon-fiber Leg > --- UTILITY ---------- Small Storage Unit Signal Interpreter > --- WEAPON ----------- Beam Rifle Heavy Laser > --- INVENTORY -------- Flight Unit Flight Unit [Rating: 17] Favorites ----------- Power Ion Engine Engine Ion Engine Power Core Nuclear Core Propulsion Light Treads Treads Light Treads Leg Carbon-fiber Leg Wheel Wheel Flight Unit Flight Unit Utility Small Storage Unit Device Heat Sink Storage Small Storage Unit Processor Signal Interpreter Weapon Assault Rifle Energy Gun Small Laser Ballistic Gun Assault Rifle Build | -11 -10 -10 -9 -9 -8 ------- Run | Yrd Mat Min Mat Min Mat Slots Evolved 4 | . . . 2 . 2 Power 1 | . . . 1 . . Propulsion 1 | . . . . . 1 Utility 1 | . . . . . 1 Weapon 1 | . . . 1 . . Parts Attached 32 | 6 6 1 5 1 13 Power 6 | 1 . 1 1 . 3 Engine 4 | 1 . 1 1 . 1 Core 2 | . . . . . 2 Reactor . | . . . . . . Propulsion 14 | 2 4 . 2 . 6 Treads 7 | 2 2 . 2 . 1 Leg 4 | . . . . . 4 Wheel 1 | . . . . . 1 Hover . | . . . . . . Flight 2 | . 2 . . . . Utility 5 | 1 2 . 1 . 1 Device 1 | . . . . . 1 Storage 2 | 1 1 . . . . Processor 2 | . 1 . 1 . . Hackware . | . . . . . . Protection . | . . . . . . Artifact . | . . . . . . Weapon 7 | 2 . . 1 1 3 Energy Gun 3 | . . . 1 . 2 Energy Cannon . | . . . . . . Ballistic Gun 4 | 2 . . . 1 1 Ballistic Cannon . | . . . . . . Launcher . | . . . . . . Special Weapon . | . . . . . . Impact Weapon . | . . . . . . Slashing Weapon . | . . . . . . Piercing Weapon . | . . . . . . Special Melee Weapon . | . . . . . . Unidentified Prototypes . | . . . . . . Parts Lost 20 | . 1 2 . 2 15 Power 4 | . 1 . . . 3 Propulsion 7 | . . . . 1 6 Utility 3 | . . 1 . . 2 Weapon 6 | . . 1 . 1 4 Highest Loss Streak 6 | . 1 2 . 2 6 To Critical Strikes 1 | . . . . . 1 Average Slot Usage (%) 73 | . 95 75 52 85 51 Engine 11 | . 11 8 11 22 5 Treads 19 | . 26 28 16 19 5 Leg 1 | . . . . . 7 Storage 12 | . 18 14 11 11 7 Processor 7 | . 8 5 . 11 9 Energy Gun 4 | . . . 1 11 8 Ballistic Gun 14 | . 28 19 11 10 5 Naked Turns . | . . . . . . Heaviest Build 19 | 12 17 12 16 16 19 Greatest Support 40 | 40 40 40 40 40 40 Greatest Overweight (x) 4 | . . . 3 . 4 Average Overweight (x) . | . . . . . . Largest Inventory Capacity 8 | 8 8 8 8 8 8 Average Capacity 7 | 6 8 8 8 8 7 Most Carried 5 | 4 5 3 5 3 5 Average Carried 2 | . 1 2 2 2 2 Final Capacity 8 | 8 8 8 8 8 5 Final Carried 3 | . 2 2 2 2 3 Class Distribution -------------------- 82% | Mutant 14% | Scavenger-Mutant 3% | Scavenger-Gunner Dominant Class ---------------- Mutant | -10/Materials Mutant | -10/Mines Mutant | -9/Materials Mutant | -9/Mines Scavenger-Mutant | -8/Materials Resources | -11 -10 -10 -9 -9 -8 ----------- Run | Yrd Mat Min Mat Min Mat Matter Collected 720 | 91 183 171 101 63 111 Remotely . | . . . . . . Salvage Created 880 | . 230 171 15 99 365 Parts 62 | . 30 6 5 5 16 Haulers Intercepted . | . . . . . . Recyclers Shooed . | . . . . . . Parts Field Recycled . | . . . . . . Retrieved Matter . | . . . . . . Parts Self-Destructed . | . . . . . . Prevented . | . . . . . . Kills | -11 -10 -10 -9 -9 -8 ------- Run | Yrd Mat Min Mat Min Mat Combat Hostiles Destroyed 22 | . 8 4 . 3 7 Guns 22 | . 8 4 . 3 7 Classes Destroyed 6 | . 4 . . . 2 Builder 1 | . 1 . . . . Watcher 2 | . 1 . 1 . . Swarmer 8 | . 6 . . 2 . Grunt 12 | . 2 4 . 1 5 Sentry 1 | . . . . . 1 Hunter 1 | . . . . . 1 Best Kill Streak 4 | . 4 3 1 2 4 Combat Bots Only 4 | . 3 3 . 2 4 Max Kills in Single Turn 1 | . 1 1 1 1 1 Gunslinging . | . . . . . . Exploded . | . . . . . . Melee . | . . . . . . Uniques/NPCs Destroyed . | . . . . . . Combat | -11 -10 -10 -9 -9 -8 -------- Run | Yrd Mat Min Mat Min Mat Hostile Shots Fired 260 | . 44 31 . 38 147 Missed 79 | . 16 6 . 12 45 Damage Taken 2578 | . 235 322 . 342 1679 Core 699 | . 37 41 . 71 550 Absorbed by Shields . | . . . . . . Regen/Repaired (Parts) 53 | . . . 53 . . Core Remaining (%) 83 | 100 . 68 . 82 . Volleys Fired 81 | . 19 20 2 8 32 Largest 3 | . 2 2 1 2 3 Hottest 145 | . 40 40 20 60 145 Shots Fired 149 | . 38 34 2 14 61 Gun 149 | . 38 34 2 14 61 Cannon . | . . . . . . Launcher . | . . . . . . Special . | . . . . . . Kinetic 105 | . 38 34 2 7 24 Thermal 44 | . . . . 7 37 Explosive . | . . . . . . Electromagnetic . | . . . . . . Robot Hit Streak 8 | . 4 5 1 3 8 Robot Miss Streak 6 | . 6 4 1 2 3 Penetration Max . | . . . . . . Secondary Targets 2 | . 1 1 . . . Max Gunslinging Chain 1 | . 1 1 . . . Shots Hit Robots 88 | . 17 20 1 7 43 Core Hits 48 | . 12 10 1 5 20 Critical Kills . | . . . . . . Critical Parts Destroyed . | . . . . . . Critical Strikes 4 | . . . . . 4 Burn 4 | . . . . . 4 Melee Attacks . | . . . . . . Impact . | . . . . . . Slashing . | . . . . . . Piercing . | . . . . . . Sneak Attacks . | . . . . . . Combat Hostiles . | . . . . . . Follow-up Attacks . | . . . . . . Damage Inflicted 1204 | . 266 244 13 83 598 Guns 1203 | . 266 244 13 83 597 Cannons . | . . . . . . Explosions . | . . . . . . Melee . | . . . . . . Ramming 1 | . . . . . 1 Kinetic 771 | . 266 244 13 61 187 Thermal 432 | . . . . 22 410 Explosive . | . . . . . . Electromagnetic . | . . . . . . Impact . | . . . . . . Slashing . | . . . . . . Piercing . | . . . . . . Highest Corruption . | . . . . . . Average Corruption . | . . . . . . Corruption Purged . | . . . . . . Corruption Blocked . | . . . . . . Overload Shots . | . . . . . . Overflow Damage . | . . . . . . Projectiles . | . . . . . . Explosions . | . . . . . . Melee . | . . . . . . Knockbacks . | . . . . . . Impact . | . . . . . . Kinetic . | . . . . . . Secondary . | . . . . . . Self-Inflicted Damage . | . . . . . . Shots . | . . . . . . Rammed . | . . . . . . Targets Rammed 1 | . . . . . 1 Kicked 1 | . . . . . 1 Crushed . | . . . . . . Highest Temperature 225 | . . 21 . 81 225 Average Temperature 69 | . . 11 . 43 79 Received Heat Transfer 1191 | . 36 237 . 162 756 Effects 2 | . . . . . 2 Interference 2 | . . . . . 2 Siege Activations . | . . . . . . Robots Corrupted . | . . . . . . Combat Hostiles . | . . . . . . Parts Fried . | . . . . . . Impact Corruptions . | . . . . . . Robots Melted . | . . . . . . Combat Hostiles . | . . . . . . Parts Melted 2 | . . . . . 2 Heat Transferred 1271 | . . . . 50 1221 Parts Sabotaged . | . . . . . . Parts Stolen . | . . . . . . Parts Stripped . | . . . . . . Power Chain Reactions . | . . . . . . Alert | -11 -10 -10 -9 -9 -8 ------- Run | Yrd Mat Min Mat Min Mat Peak Influence 322 | . 237 187 81 91 322 Initial 92 | . . 92 72 31 35 Average 112 | . 118 158 74 42 185 Maximum Alert Level 1 | . 1 . . . 1 Low Security (%) 86 | 100 86 100 100 100 45 Level 1 13 | . 13 . . . 54 Level 2 . | . . . . . . Level 3 . | . . . . . . Level 4 . | . . . . . . Level 5 . | . . . . . . High Security . | . . . . . . Max Security . | . . . . . . Squads Dispatched 6 | . 2 . 1 . 3 Investigation 4 | . 1 . 1 . 2 Extermination . | . . . . . . Reinforcement 2 | . 1 . . . 1 Assault . | . . . . . . Garrison . | . . . . . . Intercept . | . . . . . . Searches Triggered . | . . . . . . Construction Impeded . | . . . . . . Haulers Reinforced . | . . . . . . Active Scanning Responses . | . . . . . . Cargo Convoy Interrupts . | . . . . . . Stealth | -11 -10 -10 -9 -9 -8 --------- Run | Yrd Mat Min Mat Min Mat Distress Signals 2 | . 1 . . . 1 Communications Jammed . | . . . . . . Distress Signals . | . . . . . . Times Spotted 52 | . 12 5 1 5 29 Peak Tracking Total 12 | . 6 3 1 6 12 Tactical Retreats 4 | . . 1 . . 3 Traps | -11 -10 -10 -9 -9 -8 ------- Run | Yrd Mat Min Mat Min Mat Traps Triggered 1 | . . . . . 1 Indirectly . | . . . . . . Trap Hack Attempts . | . . . . . . Triggered . | . . . . . . Disarmed . | . . . . . . Reprogrammed . | . . . . . . Reused . | . . . . . . Traps Extracted . | . . . . . . Installed . | . . . . . . Triggered . | . . . . . . Machines | -11 -10 -10 -9 -9 -8 ---------- Run | Yrd Mat Min Mat Min Mat Machines Disabled 1 | . 1 . . . . Max in Single Turn 1 | . 1 . . . . Machines Repaired . | . . . . . . Machines Dismantled . | . . . . . . Machines Sabotaged . | . . . . . . Overloaded Fab Kills . | . . . . . . Hacking | -11 -10 -10 -9 -9 -8 --------- Run | Yrd Mat Min Mat Min Mat Machines Accessed 4 | . 2 . 1 . 1 Terminals 3 | . 2 . . . 1 Fabricators . | . . . . . . Repair Stations 1 | . . . 1 . . Recycling Units . | . . . . . . Scanalyzers . | . . . . . . Garrison Access . | . . . . . . Total Hacks 21 | . 11 . 7 . 3 Successful 12 | . 5 . 5 . 2 Failed 9 | . 6 . 2 . 1 Catastrophic . | . . . . . . Database Lockouts . | . . . . . . Manual . | . . . . . . Terminals 14 | . 11 . . . 3 Fabricators . | . . . . . . Repair Stations 7 | . . . 7 . . Recycling Units . | . . . . . . Scanalyzers . | . . . . . . Garrison Access . | . . . . . . Terminal Hacks 7 | . 5 . . . 2 Record 1 | . 1 . . . . Terminal Index 1 | . 1 . . . . Alert Level 1 | . . . . . 1 Dispatch Records 1 | . 1 . . . . Maintenance Status 1 | . 1 . . . . Recall Reinforcements 1 | . . . . . 1 Zone Layout 1 | . 1 . . . . Fabricator Hacks . | . . . . . . Repair Station Hacks 5 | . . . 5 . . Scan Component 3 | . . . 3 . . Repair 2 | . . . 2 . . Recycling Unit Hacks . | . . . . . . Scanalyzer . | . . . . . . Garrison Access Hacks . | . . . . . . Unauthorized Hacks . | . . . . . . Terminals . | . . . . . . Fabricators . | . . . . . . Repair Stations . | . . . . . . Recycling Units . | . . . . . . Scanalyzers . | . . . . . . Garrison Access . | . . . . . . Data Cores Recovered . | . . . . . . Used . | . . . . . . Hacking Detections 4 | . 2 . 1 . 1 Full Trace Events 3 | . 1 . 1 . 1 Feedback Events . | . . . . . . Feedback Blocked . | . . . . . . Robot Schematics Acquired . | . . . . . . Robots Built . | . . . . . . Authchips . | . . . . . . Time . | . . . . . . Total Robot Build Rating . | . . . . . . Part Schematics Acquired . | . . . . . . Parts Built . | . . . . . . Authchips . | . . . . . . Time . | . . . . . . Total Part Build Rating . | . . . . . . Parts Repaired 2 | . . . 2 . . Time 52 | . . . 52 . . Parts Recycled . | . . . . . . Recycled Matter . | . . . . . . Retrieved Matter . | . . . . . . Retrieved Components . | . . . . . . Parts Scanalyzed . | . . . . . . Part Schematics Acquired . | . . . . . . Parts Damaged . | . . . . . . Bothacking | -11 -10 -10 -9 -9 -8 ------------ Run | Yrd Mat Min Mat Min Mat Used RIF Installer . | . . . . . . Robots Hacked . | . . . . . . Non-combat . | . . . . . . Combat . | . . . . . . Robot Hacks Applied . | . . . . . . Relay Couplers Released . | . . . . . . Fabnet Peak Effective % . | . . . . . . Robots Rewired . | . . . . . . Allies Hacked . | . . . . . . Hacks Repelled . | . . . . . . Allies | -11 -10 -10 -9 -9 -8 -------- Run | Yrd Mat Min Mat Min Mat Total Allies 1 | . . . . 1 . Largest Group 1 | . . . . 1 1 Highest-Rated Group 31 | . . . . 31 31 Highest-Rated Ally 31 | . . . . 31 31 Total Orders . | . . . . . . Ally Attacks 7 | . . . . . 7 Total Damage 103 | . . . . . 103 Kills 1 | . . . . . 1 Allies Corrupted . | . . . . . . Allies Melted 1 | . . . . . 1 Intel | -11 -10 -10 -9 -9 -8 ------- Run | Yrd Mat Min Mat Min Mat Robot Analysis Total . | . . . . . . Derelict Logs Recovered 1 | . . . . 1 . Drone Launches . | . . . . . . Drone Recoveries . | . . . . . . Exploration | -11 -10 -10 -9 -9 -8 ------------- Run | Yrd Mat Min Mat Min Mat Turns Passed 1306 | 63 219 279 156 309 280 Spaces Moved 670 | 39 94 140 86 179 132 Core 32 | 9 . . 15 . 8 Treads 555 | 30 94 140 71 179 41 Legs 56 | . . . . . 56 Wheels 27 | . . . . . 27 Hover . | . . . . . . Flight . | . . . . . . Fastest Speed 50 | 50 160 160 160 160 80 Average Speed 152 | 134 160 160 166 160 127 Slowest Speed 250 | 160 160 160 200 160 250 Overloaded Moves . | . . . . . . Propulsion Burnouts . | . . . . . . Robots Hopped . | . . . . . . Cave-ins Triggered . | . . . . . . Exploration Rate (%) 16 | 4 17 32 9 25 12 Regions Visited 5 Branch Regions 2 Pre-discovered Areas 1 | . . . . 1 . Known Exits Taken 2 | . . . 1 1 . Unknown Exits Taken 3 | 1 1 1 . . . Scrap Searched . | . . . . . . Spaces Dug . | . . . . . . Terrain Destroyed . | . . . . . . Melee . | . . . . . . Projectile . | . . . . . . AOE . | . . . . . . Terrain Rammed . | . . . . . . Walls Destroyed . | . . . . . . Machines Disabled . | . . . . . . Actions | -11 -10 -10 -9 -9 -8 --------- Run | Yrd Mat Min Mat Min Mat Total 815 | 50 127 161 97 188 192 Wait . | . . . . . . Move 665 | 38 93 139 85 178 132 Hop . | . . . . . . Pick Up 30 | 6 4 1 5 1 13 Fast Attach . | . . . . . . Attach 31 | 6 6 1 5 1 12 Detach 4 | . 4 . . . . Swap 1 | . . . . . 1 Drop 2 | . 1 . . . 1 Fire 81 | . 19 20 2 8 32 Melee . | . . . . . . Ram . | . . . . . . Kick 1 | . . . . . 1 Crush . | . . . . . . Escape Stasis . | . . . . . . Rewire . | . . . . . . Trap . | . . . . . . Miscellaneous . | . . . . . . Route ------- -11/Scrapyard -10/Materials -10/Mines -9/Materials -9/Mines -8/Materials History --------- Turn | Location | Event 39 | -11/Scrapyard | Discovered new exit (range 15) 64 | -11/Scrapyard | Entered Materials 228 | -10/Materials | Discovered new exit (range 16) 283 | -10/Materials | Entered Mines 307 | -10/Mines | Build established: Mutant 552 | -10/Mines | Discovered new exit (range 6) 562 | -10/Mines | Entered Materials 562 | -9/Materials | Evolved 2 slots: Power x1, Weapon x1 603 | -9/Materials | Repaired Lgt. Treads 629 | -9/Materials | Repaired Lgt. Treads 692 | -9/Materials | Discovered new exit (range 10) 715 | -9/Materials | Identified exit to Mines 718 | -9/Materials | Entered Mines 739 | -9/Mines | Learned Materials stockpile data 983 | -9/Mines | Escorted by a lone wolf Derelict 990 | -9/Mines | Discovered new exit (range 16) 1003 | -9/Mines | Learned location of Storage (-7) 1025 | -9/Mines | Identified exit to Materials 1027 | -9/Mines | Entered Materials 1027 | -8/Materials | Accompanied by 1 ally 1027 | -8/Materials | Evolved 2 slots: Propulsion x1, Utility x1 1142 | -8/Materials | Lost 3 parts (1p1n1w) 1236 | -8/Materials | Core integrity fell below 50% 1241 | -8/Materials | Core integrity fell below 20% 1273 | -8/Materials | Lost 6 parts (1p3n1u1w) 1307 | -8/Materials | Destroyed by G-47 Trooper with Particle Gun Last Messages --------------- Acquired Aluminum Leg. U-05 Engineer builds a Door. Slug penetrates Wall. Kicked U-05 Engineer. Slug penetrates W-25 Informer. K-01 Serf cleans the Integration Channel. Heat Sink destroyed. Acquired Nuclear Core. Penetrated by Slug. Connecting with Terminal... >>Recall(Reinforcements) Establishing remote squad link... No tasked reinforcement squads found. >>Alert(Check) Current Alert Level: 1-R ALERT: Suspicious activity at Terminal M004. Dispatching Investigation squad. Penetrated by Slug. Critical hit (Destroy). Wheel destroyed. Map ----- +----------------------------------------------------+ | ???# #?????= ! #?????????????????? | | ???# #????? #?????????????????? | | ???# %! #?????? ??????????????????? | | ???# =*= #?????? "T" ??????????????????? | | ???# %%! #???????"""???????????????????? | | ???#####+####??????? ???????????????????? | | ?????# % ##########+###########?????????? | | ?????# #?????????? | | ?????# % #?????????? | | ?????# #?????????? | | ?????# ##########+#### #?????????? | | ?????## %######### # ###???????? | | ??????# # # + #??? | | ??????# # " T # ########### #??? | | ??????# # """ # ???????????????????? | | ?###/## # """ # ?????????????????????? | | / """ #???????????????????????? | | ####### # "" #???????????????????????? | | ??????### # """ [ #???????????????????????? | | ????????# # "" #???????????????????????? | | ????????# # "" #???????????????????#???? | | ????????# # " ##############????? #???? | | ????????# # / ###### #???? | | ????????# #################### #???? | | ????????# #??????????# T #g #???? | | ????????? #??????????# @ gh #???? | | ????????? #??????????# g # #???? | | ????????? ???????????######### ** #???? | | ????????? ???????????????????# ** #???? | | ????????? ???????????????????# #???? | | ????????? ???????????????????# #???? | | ????????? ???????????????????# ## #???? | | ?????????????????????????????# #? #???? | | ?????????????????????????????# #??#???? | | ????????????????????????????? #??????? | | ?????????????????????????????#### #??????? | | ????????????????????????????????? #??????? | | ????????????????????????????????? #??????? | | ????????????????????????????????? #??????? | | ????????????????????????????????? #??????? | | ????????????????????????????????? #??????? | | ????????????????????????????????? ???????? | | ??????????????????????????????????????????? | | ??????????????????????????????????????????? | | ??????????????????????????????????????????? | | ??????????????????????????????????????????? | | ??????????????????????????????????????????? | | ??????????????????????????????????????????? | | ??????????????????????????????????????????? | | ??????????????????????????????????????????? | +----------------------------------------------------+ Best States ------------- Heat Dissipation 41 Energy Generation 23 Energy Capacity 380 Matter Stores 300 Matter Capacity 300 Sight Range 18 Terrain Scan Density 10 Evasion (%) 55 Recoil Reduction 2 Item Schematics ----------------- None Robot Schematics ------------------ None Fabricated ------------ Nothing Alien Tech Used ----------------- None Achievements -------------- None Challenges ------------ None Game ------ Seed DisruptorHybridStorage Manual? 0 Play Time 00:20:13 Cumulative 1.6 hours Start 2024.04.20 @ 13:59:34 End 2024.04.20 @ 22:27:17 Sessions 2 Manual Loads 0 Difficulty Rogue Special Mode None Game No. 4 Rogue 4 Adventurer 0 Explorer 0 Win Type - Total 0 Types 0/0/0/0/0/0/0/0/0 Lore% 1 Gallery% 5 Achievement% 5 Wizard Run 0 Options --------- Layout 1 ASCII 0 Keyboard 0 Movement Mouse Keybinds 0 Fullscreen 1 Font 24/Smallcaps Map View 50x35 Zoom Use 0% Tactical HUD 0 Map Filters NONE Filters NONE Steam 1 RUN: 9ba43eeb-9d34-4a09-b784-6050585195de